AoeStats
← w2k8m1w2762

Baltic

510367138Analyzed
4v4 RM · 1d ago on Sep 30, 2026· 41m 48s· 8 players
Game mode
Random Map
Map size
Large (8 player)
Population
200
Speed
Normal
Resources
Standard
Victory
Conquest
Starting age
Dark Age
Ending age
Imperial Age
RankedLock teamsTeams togetherTeam positionsShared explorationLock speedFull tech treeHidden civsTurbo modeCheats
Victory
Defeat
🇩🇰 Portuguese · Denmark
1173
+18
🇫🇷 Sicilians · France
1160
+18
🇭🇰 Lithuanians · Hong Kong SAR China
1156
+18
🇺🇸 Japanese · United States
1144
+19
🇩🇪 Britons · Germany
1228
-19
🇩🇪 Byzantines · Germany
1228
-19
🇨🇳 Koreans · China
1199
-18
🇨🇳 Turks · China
1181
-17
kneehao
7:18 Loom
10:01 Feudal Age
13:12 Fishing Lines
17:27 Castle Age
15:25 Double-Bit Axe
16:53 Fletching
18:55 Horse Collar
18:58 Fishing Lines
21:40 Wheelbarrow
21:01 Stone Mining
21:04 Gillnets
22:45 Gold Mining
28:36 Imperial Age
27:43 Medium Warships
28:33 Gold Shaft Mining
28:09 Bow Saw
28:02 Heavy Plow
28:58 Bodkin Arrow
29:05 Scale Mail Armor
29:48 Town Watch
30:19 Hand Cart
31:44 Conscription
34:42 Two-Man Saw
33:43 Elite Samurai
34:55 Kataparuto
35:22 Chain Mail Armor
35:18 Forging
35:46 Siege Engineers
37:30 Plate Mail Armor
37:36 Iron Casting
38:44 Bracer
38:44 Padded Archer Armor
38:21 Pikeman
39:02 Squires
38:48 Arson
39:35 Thumb Ring
38:51 Elite Skirmisher
39:54 Ballistics
40:34 Chemistry
41:16 Blast Furnace
40:32 Leather Archer Armor
42:57 Ring Archer Armor
titete
7:39 Loom
10:22 Feudal Age
11:21 Double-Bit Axe
14:32 Fletching
24:04 Castle Age
23:49 Padded Archer Armor
36:07 Wheelbarrow
35:48 Elite Skirmisher
36:37 Bodkin Arrow
36:59 Leather Archer Armor
38:02 Hand Cart
38:13 Bow Saw
43:04 Imperial Age
Stench_of_Evil
11:04 Feudal Age
11:52 Double-Bit Axe
17:23 Wheelbarrow
20:11 Fletching
22:07 Horse Collar
25:02 Loom
27:56 Castle Age
27:37 Gold Mining
27:41 Stone Mining
28:51 Medium Warships
28:37 Bodkin Arrow
29:43 Bow Saw
39:33 Imperial Age
38:12 Stone Shaft Mining
38:18 Hand Cart
38:49 Ballistics
38:03 Crossbowman
39:20 Heavy Plow
40:39 Conscription
40:58 Bracer
StarShooter
8:11 Loom
10:11 Feudal Age
15:23 Castle Age
14:14 Double-Bit Axe
14:27 Gold Mining
16:48 Scale Barding Armor
18:39 Bloodlines
20:41 Horse Collar
23:56 Chain Barding Armor
25:50 Heavy Plow
27:35 Forging
32:19 Husbandry
33:07 Iron Casting
33:26 Wheelbarrow
38:08 Imperial Age
37:07 Hand Cart
38:51 Cavalier
40:11 Plate Barding Armor
39:28 Fletching
40:06 Paladin
mojo
7:54 Loom
9:40 Feudal Age
10:45 Double-Bit Axe
10:41 Horse Collar
17:06 Fletching
17:28 Forging
19:17 Fletching
21:30 Castle Age
20:25 Gold Mining
21:42 Pikeman
22:32 Scale Mail Armor
23:50 Gold Shaft Mining
23:16 Heavy Plow
23:33 Bow Saw
26:32 Wheelbarrow
28:28 Gold Shaft Mining
31:08 Imperial Age
28:57 Hand Cart
29:28 Treadmill Crane
30:13 Squires
30:05 Gambesons
30:38 Chain Mail Armor
31:00 Iron Casting
31:32 Stone Mining
32:45 Plate Mail Armor
33:22 Two-Man Saw
33:39 Chemistry
33:15 Elite Varangian Guard
36:17 Crop Rotation
39:29 Arson
40:17 Ballistics
39:55 Bodkin Arrow
41:58 Murder Holes
LordLukas
7:48 Loom
11:04 Feudal Age
12:01 Double-Bit Axe
18:24 Fletching
21:22 Castle Age
19:37 Padded Archer Armor
19:59 Gold Mining
22:46 Bow Saw
23:17 Gold Shaft Mining
22:05 Crossbowman
23:56 Ballistics
23:37 Bodkin Arrow
25:40 Leather Archer Armor
31:01 Wheelbarrow
31:26 Stone Mining
32:22 Pikeman
33:04 Horse Collar
36:43 Scale Mail Armor
37:22 Hand Cart
36:53 Town Watch
39:49 Imperial Age
37:25 Heavy Plow
37:31 Squires
38:40 Chain Mail Armor
38:39 Forging
40:08 Arbalester
40:54 Bracer
41:25 Ring Archer Armor
剑斜
5:27 Loom
10:20 Feudal Age
11:48 Double-Bit Axe
16:12 Castle Age
18:29 Fletching
19:13 Bow Saw
21:13 Horse Collar
21:47 Fishing Lines
22:56 Town Watch
23:54 Bodkin Arrow
25:47 Heated Shot
27:22 Wheelbarrow
29:21 Stone Mining
29:25 Gold Mining
32:36 Imperial Age
31:54 Hand Cart
31:57 Treadmill Crane
33:23 Eupseong
33:25 Bracer
35:26 Arrowslits
36:42 Scale Mail Armor
36:53 Forging
37:07 Conscription
w2k8m1w2762
1:06 Loom
13:12 Feudal Age
19:18 Double-Bit Axe
25:22 Wheelbarrow
28:34 Castle Age
27:48 Horse Collar
28:01 Gold Mining
28:02 Stone Mining
28:28 Fletching
28:39 Padded Archer Armor
29:43 Medium Warships
30:39 Bodkin Arrow
31:00 Leather Archer Armor
32:43 Hand Cart
32:15 Town Watch
32:47 Bow Saw
35:40 Ballistics
Connection lost

Rejoining the realm…

Still unreachable

The connection could not be restored.

Session expired

The server has moved on; the page needs a fresh start.